cohdb
Replays
Latest Replays
All Replays
Popular Replays
Top Player Replays
Match Explorer
How It Works
Community
CoH3 Stats
Reddit
Sign in to upload your games and track your stats! →
Sign in with Steam
Match 45436867
Unlisted
Match 45436867
Overview
Messages
Build Orders
End
Selects Airborne Battlegroup
Selects Heavy Machine Gun Paradrop
Heavy Machine Gun Paradrop
Construct Weapon Support Center
Bazooka Squad
Heavy Machine Gun Paradrop
Engineer Squad
Mechanized Support Center
Selects Paratrooper Squad Paradrop
M3 Armored Personnel Carrier
Forward Retreat Point
Bazooka Squad
Paratrooper Squad Paradrop
Selects Anti-tank Gun Team Paradrop
Anti-tank Gun Team Paradrop
Construct Tank Depot
M4A1 Sherman Medium Tank
Improvised Armor
Selects Recon Loiter
Selects Supply Drop
Abelixx
S1L
Yancy
Jimmy
jintoni
[HLL ITA] Missiletto
MUMBO JUMBO
Yoska
0
0
Comments
sign in to comment!
No comments posted yet!